 Seeded DCSS version 0.30.1-11-g7821555f0a (webtiles) character file.

Game seed: 430007637681659361 (custom seed)

11 strifetoe the Trooper (level 2, -9/24 HPs)
             Began as a Demonspawn Fighter on Nov 9, 2023.
             Mangled by a kobold
             ... wielding a +1 whip of electrocution
              (12 damage)
             ... on level 1 of the Dungeon.
             The game lasted 00:00:15 (175 turns).

strifetoe the Trooper (Demonspawn Fighter)           Turns: 175, Time: 00:00:15

Health: -9/24      AC:  6    Str: 16    XL:     2   Next: 13%
Magic:  2/2        EV:  8    Int:  9    God:
Gold:   0          SH:  4    Dex: 12    Spells: 1/1 levels left

rFire   . . .        a - +0 war axe
rCold   . . .        c - +0 buckler
rNeg    . . .        b - +0 scale mail
rPois   .            (no helmet)
rElec   .            (no cloak)
rCorr   .            (no gloves)
SInv    .            (no boots)
Will    .....        (no amulet) Stlth
                     (no ring)
HPRegen 0.24/turn    (no ring)
MPRegen 0.16/turn

%: no passive effects
@: no status effects
A: magic regeneration
a: no special abilities


You were on level 1 of the Dungeon.
You visited 1 branch of the dungeon, and saw 1 of its levels.

Inventory:

Hand Weapons
 a - a +0 war axe (weapon)
Armour
 b - a +0 scale mail (worn)
 c - a +0 buckler (worn)
Scrolls
 e - a scroll of noise {unknown}
 f - a scroll of vulnerability {unknown}
Potions
 d - a potion of might
 g - a potion of curing {unknown}


   Skills:
 - Level 3.0 Fighting
 + Level 2.6 Axes
 - Level 2.6 Armour
 - Level 2.6 Shields


You had one spell level left.
You didn't know any spells.
Your spell library was empty.

Dungeon Overview and Level Annotations

Branches:
Dungeon (1/15)

Altars:


Innate Abilities, Weirdness & Mutations

You regenerate magic rapidly.


Message History

Moving in this stuff is going to be slow.
Unknown command.
You start resting.
HP restored.
You open the door.
A hobgoblin comes into view.
The hobgoblin shouts!
Found an escape hatch in the floor.
A hobgoblin is nearby!
A hobgoblin is nearby!
A hobgoblin is nearby!
There is an open door here.
A kobold comes into view.
It is wielding a +1 whip of electrocution.
The kobold shouts!
You slash the hobgoblin!
You kill the hobgoblin!
Found 15 gold pieces.
Found a scroll labelled DEILUD OMASEGE.
The kobold hits you with a +1 whip of electrocution.
You closely miss the kobold.
The kobold hits you with a +1 whip of electrocution.
You miss the kobold. The kobold barely misses you. x2
You hit the kobold but do no damage.
The kobold hits you with a +1 whip of electrocution.
A kobold is nearby!
A kobold is nearby!
A kobold is nearby!
You barely miss the kobold. The kobold barely misses you.
You closely miss the kobold. The kobold closely misses you.
The kobold hits you but does no damage.
You are electrocuted!
Ouch! That really hurt!
* * * LOW HITPOINT WARNING * * *
You hit the kobold.
The kobold is severely wounded.
The kobold closely misses you.
You hit the kobold but do no damage.
The kobold is severely wounded.
The kobold hits you but does no damage.
You are electrocuted!
Ouch! That really hurt!
You die...

#######......##..
#......#### #......#
#......# #####+#####
##...### ..........#
##...## ?.........#
#.....#####
..........####.~......~.
.$....K@..'...)†≈≈≈≈≈~≈≈
..........###..~≈♣♣♣≈~≈♣
..........# #..~≈♣ ♣≈~≈
########### #..~≈♣ ♣ .≈
#...≈≈≈ #..~.~.~~
#..~≈≈≈≈≈~ #..~≈♣♣♣≈~
#..~≈♣ ≈.


You could see a kobold.

Vanquished Creatures
  A giant cockroach (D:1)
  A goblin (D:1)
  3 hobgoblins (D:1)
  2 quokkas (D:1)
  A ball python (D:1)
  A bat (D:1)
9 creatures vanquished.

Notes
Turn   | Place    | Note
-------+----------+-------------------------------------------
     0 | D:1      | strifetoe the Demonspawn Fighter began the quest for the
                  | Orb.
     0 | D:1      | Reached XP level 1. HP: 18/18 MP: 1/1
   126 | D:1      | Gained mutation: You regenerate magic rapidly. [demonic
                  | ancestry]
   126 | D:1      | Reached XP level 2. HP: 24/24 MP: 2/2
   175 | D:1      | Mangled by a kobold

Illustrated notes

Levels and vault maps discovered:
D:1:      wander_arrival_chamber, layout_basic, kennysheep_boxes

Skill      XL: |  1 |
---------------+----+-----
Axes           | 2 |  2.6
Fighting       | |  3.0
Armour         | |  2.6
Shields        | |  2.6

Action                     || total
---------------------------++-------
  Melee: War axe           ||    30
 Armour: Scale mail        ||    14
  Dodge: Dodged            ||    16
  Block: Buckler           ||     9
